Map: Omicron

Players

Hindulaatti

  • Race: Terran Terran
  • League: Diamond
  • Spawn Location: 7:00

JohnMcClane

  • Race: Protoss Protoss
  • League: Gold
  • Spawn Location: 9:00

EduLord

  • Race: Zerg Zerg
  • Spawn Location: 1:00

Cae

  • Race: Protoss Protoss
  • League: Platinum
  • Spawn Location: 3:00

VOD

Have the link to the VOD?

Description

Time

  • Played on: Feb. 10, 2016, 12:16 p.m.
  • Length: 10:03
Show
View Real Time Build Order
Export as new Build Order

Hindulaatti Terran 

Build Orders: Hellion Opening 

Get SALT Encoding   

  12  0:01  SCV  
  13  0:13  SCV  
  14  0:26  Supply Depot, SCV  
  15  0:39  Refinery  
  15  0:47  SCV  
  16  0:50  Barracks  
  16  1:00  SCV  
  17  1:12  SCV  
  18  1:24  SCV  
  19  1:28  Command Center  
  19  1:36  SCV  
  20  1:43  Factory  
  20  1:54  Orbital Command  
  20  2:01  Barracks Reactor  
  20  2:09  Supply Depot  
  20  2:19  SCV  
  21  2:34  SCV  
  22  2:44  Hellion  
  22  2:45  Factory, Hellion  
  22  2:48  Barracks Tech Lab  
  22  2:49  SCV  
  22  2:50  Orbital Command  
  27  3:01  SCV  
  28  3:06  Hellion x2  
  28  3:12  Orbital Command  
  32  3:14  SCV  
  33  3:22  Marine  
  33  3:26  SCV  
  35  3:38  SCV  
  35  3:39  Hellion x2  
  40  3:45  Bunker  
  40  3:47  SCV  
  41  3:50  SCV  
  41  3:53  Hellion  
  44  4:00  Hellion  
  46  4:08  SCV  
  46  4:15  Marine  
  46  4:24  Supply Depot  
  46  4:40  SCV x2  
  46  4:44  Infernal Pre-Igniter  
  46  4:46  Marine, Hellion x3  
  46  4:51  Supply Depot  
  53  4:53  SCV x2  
  53  4:54  Supply Depot  
  53  4:55  Supply Depot  
  47  5:00  Supply Depot  
  47  5:01  Supply Depot  
  47  5:08  Hellion x3  
  47  5:14  Armory  
  53  5:15  SCV x2  
  53  5:20  Refinery  
  55  5:26  Refinery  
  55  5:27  Refinery, SCV  
  55  5:28  SCV  
  57  5:31  Engineering Bay  
  57  5:36  Barracks Reactor  
  53  5:47  Widow Mine x2  
  53  5:49  Hellion  
  50  6:16  Factory, Barracks  
  50  6:17  Barracks  
  50  6:20  SCV x2  
  52  6:31  Missile Turret  
  52  6:32  Missile Turret  
  52  6:35  SCV x2  
  48  7:00  Orbital Command  
  38  7:19  Cyclone, Hellion x2  
  45  7:24  Barracks Tech Lab, Barracks Reactor  
  45  7:29  SCV x2  
  47  7:38  Factory Tech Lab  
  47  7:40  Marine x2  
  47  7:41  SCV x2  
  47  7:42  Terran Infantry Weapons Level 1  
  51  7:53  SCV x2  
  51  7:56  Hellion x2  
  51  7:58  Cyclone  
  60  8:05  SCV x2  
  62  8:09  Marauder, Marine x4  
  68  8:16  Cyclone  
  68  8:18  SCV x2  
  73  8:26  Marine  
  74  8:30  SCV x2  
  76  8:37  Starport  
  66  8:43  SCV x2  
  68  8:55  Marauder, Marine x4  
  72  8:58  Cyclone  
  72  8:59  Hellion x3  
  83  9:04  Supply Depot  
  83  9:09  Supply Depot  
  83  9:20  Hellion  
  63  9:52  Starport Reactor  
Show
View Real Time Build Order
Export as new Build Order

JohnMcClane Protoss 

Build Orders:  

Get SALT Encoding   

  12  0:02  Probe (Chrono Boost)  
  13  0:12  Probe (Chrono Boost)  
  14  0:21  Pylon  
  14  0:29  Probe (Chrono Boost)  
  15  0:40  Probe (Chrono Boost), Gateway  
  16  0:45  Assimilator  
  16  0:51  Probe (Chrono Boost)  
  17  1:02  Probe (Chrono Boost)  
  18  1:12  Probe (Chrono Boost)  
  19  1:20  Pylon  
  19  1:23  Probe (Chrono Boost)  
  20  1:28  Cybernetics Core  
  20  1:33  Probe (Chrono Boost)  
  20  1:38  Pylon  
  21  1:44  Probe (Chrono Boost)  
  22  1:54  Probe (Chrono Boost)  
  23  2:05  Warp Gate (Chrono Boost)  
  23  2:13  Gateway  
  23  2:15  Gateway  
  23  2:25  Mothership Core  
  25  2:33  Pylon  
  25  2:42  Gateway  
  25  2:47  Assimilator  
  24  3:01  Gateway  
  24  3:09  Nexus  
  24  3:13  Pylon  
  23  3:43  Probe  
  24  3:58  Twilight Council  
  24  4:00  Robotics Facility  
  24  4:21  Probe  
  24  4:23  Probe  
  26  4:32  Probe  
  26  4:35  Blink (Chrono Boost), Probe  
  26  4:37  Forge  
  28  4:42  Probe  
  29  4:47  Probe  
  29  4:48  Pylon  
  29  4:50  Warp Prism  
  32  4:53  Probe  
  32  4:57  Pylon  
  33  5:09  Stalker x3  
  39  5:14  Protoss Ground Weapons Level 1 (Chrono Boost)  
  39  5:26  Gateway  
  39  5:29  Observer  
  40  5:41  Photon Cannon  
  40  5:44  Photon Cannon  
  40  5:49  Zealot x2  
  44  5:50  Zealot  
  44  5:54  Observer  
  47  6:02  Probe  
  47  6:03  Probe  
  49  6:08  Assimilator  
  49  6:15  Probe  
  50  6:22  Sentry  
  50  6:23  Zealot x3  
  58  6:35  Probe  
  58  6:37  Probe  
  60  6:46  Probe  
  60  6:49  Probe  
  56  6:57  Stalker x4  
  60  7:18  Probe  
  60  7:20  Probe  
  56  7:23  Assimilator  
  56  7:32  Probe  
  56  7:35  Protoss Ground Armor Level 1 (Chrono Boost)  
  56  7:36  Pylon  
  57  7:39  Gateway  
  57  7:42  Pylon  
  58  7:44  Observer  
  58  7:55  Stalker x5  
  68  8:00  Pylon  
  68  8:06  Warp Prism  
  70  8:16  Probe  
  70  8:19  Pylon  
  71  8:21  Pylon  
  71  8:25  Stalker x5  
  79  9:11  Zealot x4  
  79  9:16  Nexus  
  87  9:17  Pylon  
  87  9:29  Zealot  
  45  9:47  Stalker x3  
  45  9:48  Stalker  
  53  9:54  Gateway  
  53  9:56  Photon Cannon  
  53  9:58  Photon Cannon  
  53  10:01  Pylon  
Show
View Real Time Build Order
Export as new Build Order

EduLord Zerg 

Build Orders: Hatch First 

Get SALT Encoding   

  12  0:01  Drone  
  13  0:12  Overlord  
  13  0:22  Drone  
  14  0:30  Drone  
  14  0:31  Drone  
  17  0:35  Drone  
  17  0:53  Hatchery  
  16  1:15  Spawning Pool  
  16  1:16  Drone x3  
  18  1:18  Extractor  
  17  1:34  Drone  
  18  1:41  Drone  
  19  1:52  Overlord  
  19  2:00  Drone  
  20  2:02  Queen  
  20  2:07  Drone  
  23  2:08  Queen  
  25  2:20  Drone  
  25  2:21  Drone  
  27  2:28  Metabolic Boost  
  28  2:30  Drone  
  28  2:31  Drone  
  28  2:35  Overlord  
  29  2:38  Drone  
  29  2:43  Zergling x2  
  31  2:53  Drone  
  31  2:55  Drone  
  33  3:18  Drone x4  
  37  3:28  Drone x4  
  37  3:29  Roach Warren  
  37  3:33  Extractor  
  37  3:34  Drone  
  40  3:35  Drone x2  
  40  3:36  Drone  
  40  3:38  Extractor  
  42  3:41  Hatchery  
  41  3:54  Zergling x8  
  44  3:56  Overlord x2  
  44  4:05  Spore Crawler  
  44  4:07  Drone, Spore Crawler  
  44  4:08  Drone  
  44  4:22  Roach x4  
  51  4:35  Drone x3  
  51  4:36  Overlord x2  
  51  4:38  Drone  
  52  4:54  Drone x4  
  52  4:55  Drone  
  52  4:59  Lair  
  57  5:02  Extractor  
  57  5:05  Drone x4  
  57  5:06  Evolution Chamber  
  59  5:08  Evolution Chamber  
  59  5:13  Drone  
  59  5:14  Drone x4  
  63  5:17  Spine Crawler  
  63  5:18  Drone  
  63  5:26  Drone  
  64  5:30  Zergling x4  
  64  5:33  Queen  
  64  5:35  Zerg Missile Weapons Level 1  
  68  5:36  Zerg Ground Armor Level 1  
  68  5:42  Drone, Overlord  
  69  5:43  Overlord  
  69  5:45  Drone x5  
  73  6:03  Roach x4  
  73  6:04  Roach x4  
  89  6:15  Spore Crawler  
  88  6:20  Spine Crawler  
  77  6:41  Queen  
  77  6:59  Drone x4  
  81  7:07  Drone x2, Extractor  
  82  7:09  Extractor  
  80  7:17  Queen  
  80  7:20  Glial Reconstitution  
  82  7:23  Drone x2, Hydralisk Den  
  83  7:34  Drone, Spore Crawler  
  83  7:35  Drone x2  
  85  7:39  Infestation Pit  
  85  7:43  Drone x3  
  87  7:44  Drone x3  
  87  7:47  Overlord x3  
  90  7:53  Muscular Augments  
  90  7:54  Overlord x3  
  90  8:01  Hatchery  
  89  8:15  Overlord  
  89  8:16  Overlord, Hydralisk  
  89  8:17  Hydralisk x14  
  119  8:27  Hive  
  119  8:55  Hatchery  
  118  8:57  Roach  
  118  8:58  Roach x12  
  144  9:13  Roach  
  144  9:14  Roach x4  
  144  9:15  Overlord x2  
  144  9:16  Overlord  
  154  9:31  Overseer  
  138  9:41  Roach  
  138  9:42  Roach x13  
Show
View Real Time Build Order
Export as new Build Order

Cae Protoss 

Build Orders:  

Get SALT Encoding   

  12  0:01  Probe (Chrono Boost)  
  13  0:12  Probe (Chrono Boost)  
  14  0:18  Pylon  
  14  0:22  Probe (Chrono Boost)  
  15  0:36  Probe (Chrono Boost)  
  15  0:37  Gateway  
  16  0:45  Assimilator  
  16  0:47  Probe (Chrono Boost)  
  17  0:54  Assimilator  
  17  0:57  Probe (Chrono Boost)  
  18  1:05  Gateway  
  18  1:09  Probe (Chrono Boost)  
  19  1:19  Probe (Chrono Boost)  
  20  1:27  Cybernetics Core  
  20  1:30  Probe (Chrono Boost)  
  21  1:38  Pylon  
  21  1:40  Probe (Chrono Boost)  
  22  2:03  Pylon  
  22  2:04  Adept (Chrono Boost)  
  22  2:05  Mothership Core (Chrono Boost)  
  22  2:06  Adept (Chrono Boost), Warp Gate  
  28  2:51  Nexus  
  28  2:52  Stargate  
  28  3:03  Stalker (Chrono Boost)  
  32  3:07  Stalker (Chrono Boost)  
  32  3:51  Stalker (Chrono Boost)  
  32  3:55  Stalker (Chrono Boost)  
  36  4:02  Void Ray (Chrono Boost)  
  36  4:27  Gateway  
  36  4:29  Probe  
  36  4:30  Pylon, Probe  
  38  4:34  Pylon  
  38  4:36  Pylon  
  38  4:42  Oracle (Chrono Boost), Probe  
  42  4:56  Probe  
  42  4:58  Probe  
  44  5:00  Pylon  
  44  5:02  Pylon  
  44  5:04  Pylon  
  44  5:07  Pylon, Probe  
  45  5:25  Stalker x3  
  51  6:01  Adept  
  51  6:04  Stalker x2  
  53  6:15  Probe  
  53  6:17  Probe  
  55  6:21  Void Ray (Chrono Boost)  
  59  6:26  Probe, Gateway  
  59  6:27  Gateway  
  59  6:29  Probe  
  61  6:32  Stalker  
  50  7:09  Stalker x3  
  44  7:18  Void Ray (Chrono Boost)  
  46  7:25  Probe, Stalker x2  
  46  7:26  Probe  
  52  7:33  Forge  
  52  7:34  Assimilator  
  52  7:36  Probe  
  52  7:38  Assimilator  
  52  7:39  Probe  
  54  7:46  Probe  
  54  7:51  Probe  
  56  8:04  Twilight Council  
  56  8:09  Gateway, Photon Cannon  
  56  8:14  Photon Cannon  
  56  8:17  Pylon  
  56  8:22  Gateway  
  56  8:23  Stalker  
  54  8:52  Robotics Facility  
  54  8:56  Stalker x3  
  54  8:57  Stalker  
  58  9:46  Adept x4  
  58  9:47  Adept x3  
Tags
 
Add a new tag
Caveats
  • Supply blocks, unpowered buildings, or Contaminate may cause inaccurate times.
  • Supply counts are checked every 10 seconds.